 Dungeon Crawl Stone Soup version 0.31-a0-801-gc67433417a (webtiles) character file.

Game seed: 2026192288972986665

27 Essalna the Conjurer (level 2, 0/19 HPs)
             Began as a Demonspawn Conjurer on Sept 20, 2023.
             Succumbed to an adder's poison
             ... on level 2 of the Dungeon.
             The game lasted 00:01:52 (971 turns).

Essalna the Conjurer (Demonspawn Conjurer)           Turns: 971, Time: 00:01:53

Health: 0/19       AC:  2    Str:  7    XL:     2   Next: 93%
Magic:  14/14      EV: 12    Int: 19    God:
Gold:   53         SH:  0    Dex: 11    Spells: 3/6 levels left

rFire   . . .        i - staff of conjuration
rCold   . . .        (no shield)
rNeg    . . .        a - +0 robe
rPois   +            (no helmet)
rElec   .            (no cloak)
rCorr   .            (no gloves)
SInv    .            (no boots)
Will    .....        (no amulet)
Stlth   ++           g - ring of magical power
HPRegen 0.23/turn    (no ring)
MPRegen 0.14/turn

%: no passive effects
@: brilliant, lethally poisoned (0 -> -1), weak-willed, enlightened, flying
A: powered by pain 1, poison resistance
a: no special abilities


You were on level 2 of the Dungeon.
You visited 1 branch of the dungeon, and saw 2 of its levels.

You collected 53 gold pieces.

Inventory:

Hand Weapons
 d - a +0 dagger
Armour
 a - a +0 robe (worn)
 l - a +2 kite shield
Magical Staves
 i - a staff of conjuration (weapon)
Jewellery
 g - a ring of magical power (left hand)
 j - a ring of fire
Scrolls
 e - a scroll of identify
 f - a scroll of poison


   Skills:
 - Level 1.7 Dodging
 - Level 1.7 Stealth
 + Level 2.7 Spellcasting
 + Level 4.5 Conjurations


You had 3 spell levels left.
You knew the following spells:

 Your Spells              Type           Power      Damage    Failure   Level
a - Magic Dart            Conj           100%       1d8       2%          1
b - Searing Ray           Conj           88%        2d7       3%          2

Your spell library contained the following spells:

 Spells                   Type           Power      Damage    Failure   Level
 Summon Small Mammal      Summ           12%        N/A       16%         1
 Dazzling Flash           Conj/Hex       48%        N/A       19%         3
 Call Canine Familiar     Summ           3%         N/A       43%         3
 Summon Guardian Golem    Hex/Summ       3%         N/A       43%         3
 Volatile Blastmotes      Fire/Tloc      6%         2d10      43%         3
 Fulminant Prism          Conj/Hex       12%        3d9       52%         4
 Iskenderun's Mystic Bla  Conj/Tloc      24%        2d7       52%         4
 Starburst                Conj/Fire      12%        6d5       100%        6
 Maxwell's Capacitive Co  Air            1%         ∞         100%        8


Dungeon Overview and Level Annotations

Branches:
Dungeon (2/15)

Altars:

Shops:
D:1 (


Innate Abilities, Weirdness & Mutations

You sometimes gain a little power by taking damage.
Your system is resistant to poisons. (rPois)


Message History

Casting: Magic Dart (safe; 2% risk of failure)
Confirm with . or Enter, or press ? or * to list all spells.
You don't know that spell.
There is a lethal amount of poison in your body!
There is a lethal amount of poison in your body!
There is a lethal amount of poison in your body!
It was a potion of enlightenment.
You feel very buoyant.
You fly up into the air.
* * * LOW HITPOINT WARNING * * *
You feel sick.
It was a potion of brilliance.
You feel clever all of a sudden.
* * * LOW HITPOINT WARNING * * *
You feel sick.
It was a potion of mutation.
You feel extremely strange.
You feel resistant to poisons.
* * * LOW HITPOINT WARNING * * *
You feel sick.
There is a lethal amount of poison in your body!
There is a lethal amount of poison in your body!
There is a lethal amount of poison in your body!
There is a lethal amount of poison in your body!
There is a lethal amount of poison in your body!
As you read the scroll labelled POUNOG DOWU, it crumbles to dust.
It is a scroll of identify.
f - a scroll of poison
* * * LOW HITPOINT WARNING * * *
You feel sick.
As you read the scroll labelled BEUBUR WYOFYIKK, it crumbles to dust.
Magic quickly surges around you.
It was a scroll of vulnerability.
* * * LOW HITPOINT WARNING * * *
You feel sick.
You aren't carrying any items that you can evoke.
Hit: i) staff of conjuration
Press: ? - help, Dir - move target, f - you
Okay, then.
Unknown command.
Magic courses through your body.
You die...

##### #########...#
## #.........#.#
##.##
...######...###.#.##
#..# ##.......#.#
#..# ######...#
...## ##@## ....#
#$.†|..# ##..#
#.##.#.# ....# ..
#....# ....# ... ###
.# #...# .. .# ....#
. # ....# #..##


There were no monsters in sight!

Vanquished Creatures
  An adder (D:2)
  2 bats
  An endoplasm (D:1)
  A goblin (D:1)
  4 hobgoblins (D:1)
  A kobold (D:1)
  2 ball pythons (D:1)
  A frilled lizard (D:1)
  4 rats
17 creatures vanquished.

Notes
Turn   | Place    | Note
-------+----------+-------------------------------------------
     0 | D:1      | Essalna the Demonspawn Conjurer began the quest for the
                  | Orb.
     0 | D:1      | Reached XP level 1. HP: 13/13 MP: 3/3
   225 | D:1      | Found Neosux's Antique Weapon Shop.
   255 | D:1      | Gained mutation: You sometimes gain a little power by
                  | taking damage. [demonic ancestry]
   255 | D:1      | Reached XP level 2. HP: 7/19 MP: 0/5
   569 | D:1      | Learned a level 2 spell: Searing Ray
   968 | D:2      | Gained mutation: Your system is resistant to poisons.
                  | (rPois) [potion of mutation]
   971 | D:2      | Succumbed to an adder's poison

Illustrated notes

Levels and vault maps discovered:
D:1:      giann_wishing_wells, layout_rooms, serial_shops,
          nicolae_shop_behind_doors, amcnicky_mini_rare_corridor_liquid,
          dk_noncrumbling_3, kennysheep_doodads, minmay_pentomino_z2
D:2:      layout_loops_cross

Action                     || total
---------------------------++-------
  Melee: Dagger            ||    10
   Cast: Magic Dart        ||    30
    Use: Potion            ||     4
         Scroll            ||     2
 Armour: Robe              ||     7
  Dodge: Dodged            ||     6

Table legend: (Time is in decaauts)
 A = Elapsed time spent in this place.
 B = Non-inter-level travel time spent in this place.
 C = Inter-level travel time spent in this place.
 D = Time resting spent in this place.
 E = Time spent auto-exploring this place.
 F = Levels seen in this place.
 G = Mean time per level.
                   A        B        C        D        E       F      G
               +--------+--------+--------+--------+--------+-----+--------+
         Total |    969 |    952 |     17 |      0 |    851 |   2 |  484.5 |
       Dungeon |    969 |    952 |     17 |      0 |    851 |   2 |  484.5 |
               +--------+--------+--------+--------+--------+-----+--------+

Top non-repeatable levels by time:
     D:1: 834 daAuts
     D:2: 134 daAuts
